3058 views
Uploaded 2020-04-14 13:15:01
Game version 1.32.3
4:17 long 3on3 ladder game on (6)ThunderLake_LV
Saved by BEARAND
3058 views
Uploaded 2020-04-14 13:15:01
Game version 1.32.3
4:17 long 3on3 ladder game on (6)ThunderLake_LV


43 units @ 3.2k
/ 0k
43 buildings @ 3.2k
/ 1.3k

| Peasant | 11 | 825 | / | 0 |
| total: | 11 | 825g | / | 0w |
| Scout Tower | 12 | 360 | / | 240 |
| Arcane Tower | 3 | 210 | / | 150 |
| Guard Tower | 7 | 490 | / | 350 |
| Altar of Kings | 1 | 180 | / | 50 |
| Farm | 2 | 160 | / | 40 |
| Lumber Mill | 1 | 120 | / | 0 |
| total: | 16 | 820g | / | 330w |
| 0:02 | Peasant |
| 0:03 | Peasant |
| 0:09 | Altar of Kings |
| 0:16 | Peasant |
| 0:18 | Farm |
| 0:25 | Peasant |
| 0:34 | Peasant |
| 0:38 | Lumber Mill |
| 0:51 | Peasant |
| 1:04 | Peasant |
| 1:17 | Peasant |
| 1:26 | Scout Tower |
| 1:34 | Peasant |
| 1:41 | Scout Tower |
| 1:58 | Scout Tower |
| 1:59 | Arcane Tower |
| 2:00 | Arcane Tower |
| 2:03 | Scout Tower |
| 2:05 | Farm |
| 2:07 | Peasant |
| 2:07 | Peasant |
| 2:09 | Summon Water Elemental |
| 2:27 | Guard Tower |
| 2:34 | Guard Tower |
| 2:47 | Scout Tower |
| 3:00 | Scout Tower |
| 3:02 | Scout Tower |
| 3:14 | Guard Tower |
| 3:16 | Scout Tower |
| 3:30 | Guard Tower |
| 3:33 | Guard Tower |
| 3:35 | Scout Tower |
| 3:47 | Scout Tower |
| 4:00 | Scout Tower |
| 4:06 | Guard Tower |
| 4:08 | Scout Tower |
| Right click | 327 |
| Select | 96 |
| Select group | 39 |
| Build/train/purchase | 38 |
| Chat | 21 |
| Assign group | 12 |

| Peasant | 20 | 1500 | / | 0 |
| total: | 20 | 1500g | / | 0w |
| Scout Tower | 11 | 330 | / | 220 |
| Guard Tower | 5 | 350 | / | 250 |
| Arcane Tower | 1 | 70 | / | 50 |
| Altar of Kings | 1 | 180 | / | 50 |
| Farm | 3 | 240 | / | 60 |
| Lumber Mill | 1 | 120 | / | 0 |
| total: | 16 | 870g | / | 330w |
| 0:04 | Peasant |
| 0:04 | Peasant |
| 0:06 | Altar of Kings |
| 0:10 | Farm |
| 0:23 | Peasant |
| 0:36 | Peasant |
| 0:40 | Peasant |
| 0:41 | Peasant |
| 0:49 | Farm |
| 1:04 | Peasant |
| 1:15 | Lumber Mill |
| 1:19 | Peasant |
| 1:24 | Scout Tower |
| 1:31 | Scout Tower |
| 1:35 | Peasant |
| 1:35 | Peasant |
| 1:46 | Peasant |
| 1:55 | Scout Tower |
| 1:58 | Peasant |
| 2:00 | Scout Tower |
| 2:04 | Peasant |
| 2:04 | Peasant |
| 2:18 | Summon Water Elemental |
| 2:21 | Peasant |
| 2:21 | Peasant |
| 2:27 | Guard Tower |
| 2:29 | Guard Tower |
| 2:32 | Guard Tower |
| 2:41 | Guard Tower |
| 2:49 | Scout Tower |
| 3:03 | Peasant |
| 3:03 | Peasant |
| 3:03 | Peasant |
| 3:21 | Scout Tower |
| 3:24 | Scout Tower |
| 3:26 | Arcane Tower |
| 3:34 | Scout Tower |
| 3:38 | Scout Tower |
| 4:04 | Guard Tower |
| 4:05 | Scout Tower |
| 4:07 | Scout Tower |
| 4:09 | Peasant |
| 4:09 | Farm |
| 4:11 | Improved Masonry |
| Right click | 244 |
| Select | 83 |
| Select group | 48 |
| Build/train/purchase | 40 |
| Chat | 7 |
| Assign group | 3 |
| Misc. action | 3 |
| Esc | 3 |

| Healing Salve | 2 | 200 |
| Lesser Clarity Potion | 4 | 280 |
| total: | 6 | 480g |
| Peon | 12 | 900 | / | 0 |
| total: | 12 | 900g | / | 0w |
| Watch Tower | 6 | 660 | / | 480 |
| Altar of Storms | 1 | 180 | / | 50 |
| Orc Burrow | 2 | 320 | / | 80 |
| Voodoo Lounge | 1 | 130 | / | 30 |
| War Mill | 1 | 205 | / | 0 |
| total: | 11 | 1495g | / | 640w |
| 0:01 | Peon |
| 0:05 | Altar of Storms |
| 0:13 | Peon |
| 0:18 | Orc Burrow |
| 0:24 | Peon |
| 0:41 | Peon |
| 0:49 | Peon |
| 1:01 | Voodoo Lounge |
| 1:04 | Peon |
| 1:13 | Peon |
| 1:35 | War Mill |
| 1:41 | Peon |
| 1:47 | Peon |
| 2:01 | Orc Burrow |
| 2:08 | Healing Salve |
| 2:13 | Lesser Clarity Potion |
| 2:13 | Lesser Clarity Potion |
| 2:13 | Lesser Clarity Potion |
| 2:13 | Lesser Clarity Potion |
| 2:16 | Feral Spirit |
| 2:23 | Healing Salve |
| 2:38 | Peon |
| 2:54 | Watch Tower |
| 3:00 | Watch Tower |
| 3:05 | Watch Tower |
| 3:28 | Watch Tower |
| 3:33 | Peon |
| 3:34 | Peon |
| 3:58 | Watch Tower |
| 4:04 | Watch Tower |
| Right click | 182 |
| Select | 89 |
| Build/train/purchase | 29 |
| Assign group | 17 |
| Select group | 14 |
| Chat | 7 |
| Minimap ping | 2 |
| Use ability | 1 |
/ 0.1k
24 buildings @ 3k
/ 0.9k


| Peasant | 19 | 1425 | / | 0 |
| Rifleman | 4 | 820 | / | 120 |
| Peon | 10 | 750 | / | 0 |
| Grunt | 3 | 600 | / | 0 |
| total: | 36 | 3595g | / | 120w |
| Scout Tower | 3 | 90 | / | 60 |
| Arcane Tower | 2 | 140 | / | 100 |
| Altar of Kings | 2 | 360 | / | 100 |
| Farm | 6 | 480 | / | 120 |
| Barracks | 4 | 640 | / | 240 |
| Blacksmith | 2 | 280 | / | 120 |
| Lumber Mill | 1 | 120 | / | 0 |
| Orc Burrow | 3 | 480 | / | 120 |
| Barracks | 2 | 360 | / | 100 |
| Altar of Storms | 1 | 180 | / | 50 |
| total: | 24 | 2990g | / | 910w |
| 0:03 | Peasant |
| 0:03 | Peasant |
| 0:03 | Peasant |
| 0:03 | Peasant |
| 0:03 | Peasant |
| 0:06 | Peasant |
| 0:07 | Peasant |
| 0:07 | Peasant |
| 0:10 | Peon |
| 0:10 | Peon |
| 0:10 | Peon |
| 0:10 | Peon |
| 0:10 | Peon |
| 0:10 | Peon |
| 0:22 | Altar of Kings |
| 0:25 | Farm |
| 0:30 | Altar of Kings |
| 0:31 | Peasant |
| 0:35 | Orc Burrow |
| 0:40 | Farm |
| 0:42 | Peasant |
| 0:42 | Peasant |
| 0:45 | Peasant |
| 0:46 | Peasant |
| 0:46 | Peasant |
| 0:51 | Barracks |
| 0:53 | Peon |
| 1:01 | Farm |
| 1:05 | Farm |
| 1:07 | Peasant |
| 1:07 | Peasant |
| 1:11 | Altar of Storms |
| 1:13 | Peon |
| 1:43 | Orc Burrow |
| 1:47 | Barracks |
| 1:50 | Blacksmith |
| 1:53 | Barracks |
| 1:55 | Blacksmith |
| 1:57 | Peasant |
| 1:58 | Peasant |
| 1:59 | Peasant |
| 2:03 | Grunt |
| 2:10 | Barracks |
| 2:16 | Pillage |
| 2:20 | Barracks |
| 2:23 | Farm |
| 2:31 | Summon Water Elemental |
| 2:35 | Barracks |
| 2:43 | Grunt |
| 2:48 | Orc Burrow |
| 2:56 | Scout Tower |
| 3:02 | Farm |
| 3:15 | Endurance Aura |
| 3:18 | Grunt |
| 3:23 | Peon |
| 3:23 | Peon |
| 3:25 | Holy Light |
| 3:30 | Scout Tower |
| 3:32 | Rifleman |
| 3:37 | Rifleman |
| 3:38 | Arcane Tower |
| 3:54 | Arcane Tower |
| 3:56 | Lumber Mill |
| 4:02 | Scout Tower |
| 4:06 | Rifleman |
| 4:10 | Rifleman |
| Select | 111 |
| Right click | 77 |
| Build/train/purchase | 54 |
| Misc. action | 13 |
| Use ability | 6 |
| Assign group | 3 |
| Select group | 3 |
| Esc | 2 |
⇛